[Event "WSTCC-50 2024"]
[Site "Krakow"]
[Date "2024.07.06"]
[Round "5.20"]
[White "Jahn, Constanze"]
[Black "Proudfoot, Andy"]
[Result "1-0"]
[ECO "B07"]
[WhiteElo "2051"]
[BlackElo "1607"]
[Annotator "NA RC"]
[PlyCount "68"]
[EventDate "2024.07.01"]
[EventType "team-tourn"]
[EventCountry "POL"]
[SourceTitle "playchess.com"]
[Source "ChessBase"]
[SourceQuality "1"]
[TimeControl "40/5400+30:1800+30"]

1. e4 d6 2. d4 Nf6 3. Nc3 Nbd7 4. Nf3 e5 5. Bc4 Be7 6. O-O h6 7. Qe2 c6 8. a3 Qc7 9. dxe5 dxe5 10. b4 Nf8 11. Nh4 g6 12. g3 Ne6 13. Bxe6 Bxe6 14. f4 Bh3 15. Re1 g5 16. fxg5 hxg5 17. Bxg5 Rg8 18. Bxf6 Bxf6 19. Nf5 O-O-O 20. Qf2 Qb6 21. Qxb6 axb6 22. Ne3 Bg5 23. Rad1 Bxe3+ 24. Rxe3 Rd4 25. Red3 Rgd8 26. Ne2 R4d7 27. Rxd7 Rxd7 28. Rxd7 Kxd7 29. Kf2 Kd6 30. Ng1 Bd7 31. Nf3 f5 32. Ke3 c5 33. c3 fxe4 34. Kxe4 Bc6+ 1-0

[Event "WSTCC-50 2024"]
[Site "Krakow"]
[Date "2024.07.06"]
[Round "5.20"]
[White "Dettmann, Holger"]
[Black "Schutte, Andre"]
[Result "1-0"]
[ECO "A05"]
[WhiteElo "1965"]
[BlackElo "1817"]
[Annotator "NA RC"]
[PlyCount "91"]
[EventDate "2024.07.01"]
[EventType "team-tourn"]
[EventCountry "POL"]
[SourceTitle "playchess.com"]
[Source "ChessBase"]
[SourceQuality "1"]
[TimeControl "40/5400+30:1800+30"]

1. Nf3 Nf6 2. g3 g6 3. Bg2 Bg7 4. O-O O-O 5. d4 d6 6. c4 Na6 7. Nc3 c5 8. Re1 cxd4 9. Nxd4 Nc5 10. h3 Rb8 11. Be3 a6 12. Rc1 Ne6 13. b4 Nxd4 14. Bxd4 Be6 15. Nd5 Nxd5 16. cxd5 Bd7 17. Bxg7 Kxg7 18. Qd4+ Kg8 19. Rc3 Rc8 20. Rec1 Rxc3 21. Rxc3 Qb8 22. Qe3 Re8 23. a3 Bb5 24. Bf1 e5 25. dxe6 Rxe6 26. Qc1 Re8 27. h4 Bc6 28. Bg2 d5 29. e3 Qd6 30. Qd2 Qe5 31. Rd3 Rd8 32. Rd4 f5 33. a4 Bxa4 34. Bxd5+ Kg7 35. Bxb7 Rxd4 36. exd4 Qd6 37. Qc3 Bb5 38. Qc5 Qe6 39. Qe5+ Qxe5 40. dxe5 h6 41. f4 g5 42. hxg5 hxg5 43. Kf2 gxf4 44. gxf4 Kf7 45. Bc8 Kg6 46. Ke3 1-0

[Event "WSTCC-50 2024"]
[Site "Krakow"]
[Date "2024.07.06"]
[Round "5.21"]
[White "Lalic, Susan K"]
[Black "Tsiganova, Monika"]
[Result "1/2-1/2"]
[ECO "B15"]
[WhiteElo "2235"]
[BlackElo "1999"]
[Annotator "RC"]
[PlyCount "150"]
[EventDate "2024.07.01"]
[EventType "team-tourn"]
[EventCountry "POL"]
[SourceTitle "playchess.com"]
[Source "ChessBase"]
[SourceQuality "1"]
[TimeControl "40/5400+30:1800+30"]

1. e4 c6 2. d4 d5 3. Nd2 dxe4 4. Nxe4 Nf6 5. Nxf6+ exf6 6. c3 Bd6 7. Bd3 O-O 8. Ne2 Re8 9. Qc2 h5 10. O-O h4 11. Bf4 h3 12. Rfe1 Na6 13. Bxd6 Qxd6 14. Nf4 Bd7 15. Nxh3 Bxh3 16. Bxa6 bxa6 17. gxh3 Qd5 18. Qd2 c5 19. Qf4 cxd4 20. Qxd4 Qg5+ 21. Kf1 Red8 22. Qe3 Qb5+ 23. Qe2 Qb7 24. f3 Rd5 25. Rad1 Re5 26. Qf2 Rg5 27. Re4 Qb5+ 28. c4 Qf5 29. Rg4 Re8 30. Kg2 Qa5 31. Rxg5 Qxg5+ 32. Kh1 Qf5 33. Kg2 Qg5+ 34. Kh1 Qf5 35. h4 Qf4 36. Rd4 Qf5 37. Kg2 Qg6+ 38. Rg4 Qd3 39. Rd4 Qg6+ 40. Rg4 Qd3 41. Rd4 Qg6+ 42. Kh3 Qf5+ 43. Kg3 Qe5+ 44. Kg2 f5 45. Qd2 Re6 46. h5 f4 47. Rd5 Qe2+ 48. Qxe2 Rxe2+ 49. Kh3 Rxb2 50. Ra5 Rb6 51. Kg4 Rc6 52. c5 Kf8 53. Kxf4 Ke7 54. Ke5 Rh6 55. Kd4 Kd7 56. f4 Kc7 57. Ra3 Rxh5 58. Rxa6 Kb7 59. Ra3 Rxh2 60. Rg3 g6 61. Ra3 Re2 62. Kd5 Re6 63. Rh3 Kc7 64. Ra3 Kb7 65. Rf3 Ra6 66. Re3 Rf6 67. Re7+ Ka6 68. Ke5 Rf5+ 69. Ke4 Rf6 70. Rd7 Kb5 71. Rxa7 Kxc5 72. a4 Re6+ 73. Kf3 f6 74. Rg7 g5 75. fxg5 Kd5 1/2-1/2

[Event "WSTCC-50 2024"]
[Site "Krakow"]
[Date "2024.07.06"]
[Round "5.21"]
[White "Mertens, Marc"]
[Black "Slabek, Grzegorz"]
[Result "1/2-1/2"]
[ECO "B01"]
[WhiteElo "2142"]
[BlackElo "1962"]
[Annotator "RC"]
[PlyCount "96"]
[EventDate "2024.07.01"]
[EventType "team-tourn"]
[EventCountry "POL"]
[SourceTitle "playchess.com"]
[Source "ChessBase"]
[SourceQuality "1"]
[TimeControl "40/5400+30:1800+30"]

1. e4 d5 2. exd5 Nf6 3. Nf3 Nxd5 4. d4 Bf5 5. Bd3 Bxd3 6. Qxd3 c6 7. c4 Nf6 8. Nc3 e6 9. O-O Be7 10. Bf4 O-O 11. h3 Nbd7 12. Rfd1 a5 13. Qc2 Nb6 14. b3 a4 15. Rab1 axb3 16. Qxb3 Ra6 17. c5 Nbd5 18. Nxd5 Nxd5 19. Qxb7 Rxa2 20. Ne5 Bh4 21. Rd2 Nxf4 22. Rxa2 Qd5 23. Nf3 Qxa2 24. Nxh4 Ne2+ 25. Kh1 Nxd4 26. Rb2 Qd5 27. Qb4 e5 28. Rd2 g6 29. f4 f6 30. Nf3 Rd8 31. fxe5 fxe5 32. Qb7 h6 33. Qe7 Rf8 34. Nxe5 Qe4 35. Nxg6 Re8 36. Qxe4 Rxe4 37. Ne7+ Kf7 38. Nc8 Ke6 39. Nd6 Re1+ 40. Kh2 Nb3 41. Rc2 Nxc5 42. Rxc5 Kxd6 43. Rh5 Re6 44. Kg3 c5 45. Kf4 Kc6 46. g4 c4 47. g5 hxg5+ 48. Rxg5 Rh6 1/2-1/2

[Event "WSTCC-50 2024"]
[Site "Krakow"]
[Date "2024.07.06"]
[Round "5.22"]
[White "Narva, Regina"]
[Black "Regan, Natasha K"]
[Result "1/2-1/2"]
[ECO "C50"]
[WhiteElo "1921"]
[BlackElo "2015"]
[Annotator "NA RC"]
[PlyCount "26"]
[EventDate "2024.07.01"]
[EventType "team-tourn"]
[EventCountry "POL"]
[SourceTitle "playchess.com"]
[Source "ChessBase"]
[SourceQuality "1"]
[TimeControl "40/5400+30:1800+30"]

1. e4 e5 2. Nf3 Nc6 3. Bc4 Be7 4. c3 Nf6 5. d3 d6 6. h3 a6 7. Bb3 O-O 8. O-O Na5 9. Bc2 c5 10. d4 cxd4 11. cxd4 Nc6 12. Nc3 b5 13. a3 Bb7 1/2-1/2

[Event "WSTCC-50 2024"]
[Site "Krakow"]
[Date "2024.07.06"]
[Round "5.22"]
[White "Kawula, Andrzej"]
[Black "Haensel, Jean-Marie"]
[Result "1-0"]
[ECO "A90"]
[WhiteElo "1847"]
[BlackElo "1868"]
[Annotator "NA RC"]
[PlyCount "83"]
[EventDate "2024.07.01"]
[EventType "team-tourn"]
[EventCountry "POL"]
[SourceTitle "playchess.com"]
[Source "ChessBase"]
[SourceQuality "1"]
[TimeControl "40/5400+30:1800+30"]

1. d4 e6 2. c4 f5 3. g3 Nf6 4. Bg2 d5 5. e3 c6 6. Nf3 Ne4 7. O-O Nd7 8. cxd5 exd5 9. Nc3 Be7 10. Qb3 Ndf6 11. Ne5 Qb6 12. f3 Nxc3 13. bxc3 Qxb3 14. axb3 O-O 15. Ba3 Bxa3 16. Rxa3 Nd7 17. Nd3 Re8 18. Kf2 Re7 19. Rfa1 a6 20. c4 Nf6 21. Ne5 Nd7 22. f4 Nxe5 23. fxe5 Be6 24. Rc1 Kf7 25. Ra5 Rd7 26. cxd5 Bxd5 27. Bxd5+ cxd5 28. Rac5 Ke7 29. Kf3 Ke6 30. Kf4 Rf8 31. Rc7 Rff7 32. Rxd7 Rxd7 33. Rc8 h6 34. h4 Rf7 35. Rd8 Re7 36. Rd6+ Kf7 37. Kxf5 a5 38. e6+ Ke8 39. Rxd5 Rc7 40. Rb5 Rc3 41. Ke4 Ke7 42. d5 1-0

[Event "WSTCC-50 2024"]
[Site "Krakow"]
[Date "2024.07.06"]
[Round "5.23"]
[White "Jackson, Sheila"]
[Black "Fomina, Tatyana"]
[Result "1/2-1/2"]
[ECO "C10"]
[WhiteElo "1988"]
[BlackElo "2192"]
[Annotator "RC"]
[PlyCount "39"]
[EventDate "2024.07.01"]
[EventType "team-tourn"]
[EventCountry "POL"]
[SourceTitle "playchess.com"]
[Source "ChessBase"]
[SourceQuality "1"]
[TimeControl "40/5400+30:1800+30"]

1. e4 e6 2. d4 d5 3. Nd2 dxe4 4. Nxe4 Qd5 5. Ng3 Nf6 6. Nf3 c5 7. c4 Qd8 8. Be2 Nc6 9. dxc5 Qxd1+ 10. Bxd1 Bxc5 11. O-O Bd7 12. a3 a5 13. Bg5 h6 14. Bxf6 gxf6 15. Ne4 Be7 16. Ba4 f5 17. Nc3 Bf6 18. Rac1 Ne5 19. Nxe5 Bxe5 20. Bxd7+ 1/2-1/2

[Event "WSTCC-50 2024"]
[Site "Krakow"]
[Date "2024.07.06"]
[Round "5.23"]
[White "Kohnen, Marc"]
[Black "Czernicki, Bogdan"]
[Result "0-1"]
[ECO "B32"]
[WhiteElo "1837"]
[BlackElo "1886"]
[Annotator "NA RC"]
[PlyCount "100"]
[EventDate "2024.07.01"]
[EventType "team-tourn"]
[EventCountry "POL"]
[SourceTitle "playchess.com"]
[Source "ChessBase"]
[SourceQuality "1"]
[TimeControl "40/5400+30:1800+30"]

1. e4 c5 2. Nf3 Nc6 3. d4 cxd4 4. Nxd4 e5 5. Nf5 d6 6. Ng3 Be6 7. Bd3 h6 8. O-O g5 9. Nd2 Nge7 10. Bc4 Qd7 11. Bxe6 Qxe6 12. c3 Bg7 13. Nh5 O-O 14. Nxg7 Kxg7 15. Qh5 Qg6 16. Qg4 f5 17. exf5 Qxf5 18. Qe2 d5 19. Nf3 e4 20. Nd4 Nxd4 21. cxd4 Nc6 22. Be3 Rf7 23. Rac1 a6 24. Rc5 Raf8 25. Qc2 Rd8 26. Qb3 Rdd7 27. Qb6 Rf6 28. Qb3 Qe6 29. a4 Ne7 30. Rfc1 Nc6 31. Qd1 g4 32. Qd2 Rdf7 33. b4 Ne7 34. Qe2 h5 35. b5 Nf5 36. Rc7 Nxe3 37. Rxf7+ Rxf7 38. fxe3 axb5 39. axb5 Qf5 40. Rc5 h4 41. b6 Kg6 42. Rc7 g3 43. hxg3 hxg3 44. Rxf7 Kxf7 45. Qe1 Qg4 46. Kf1 Ke6 47. Qc1 Qf5+ 48. Kg1 Qf2+ 49. Kh1 Qf8 50. Qc7 Qf1# 0-1

[Event "WSTCC-50 2024"]
[Site "Krakow"]
[Date "2024.07.06"]
[Round "5.24"]
[White "Korge, Kersti"]
[Black "Fink-Nunn, Petra"]
[Result "1/2-1/2"]
[ECO "D05"]
[WhiteElo "1859"]
[BlackElo "1947"]
[Annotator "NA RC"]
[PlyCount "56"]
[EventDate "2024.07.01"]
[EventType "team-tourn"]
[EventCountry "POL"]
[SourceTitle "playchess.com"]
[Source "ChessBase"]
[SourceQuality "1"]
[TimeControl "40/5400+30:1800+30"]

1. d4 d5 2. Nf3 Nf6 3. e3 e6 4. Bd3 c5 5. b3 Nc6 6. Bb2 cxd4 7. Nxd4 Be7 8. O-O O-O 9. Nd2 Qc7 10. Nxc6 bxc6 11. f4 Qb6 12. Qf3 c5 13. c4 Bb7 14. Qh3 d4 15. e4 g6 16. Rae1 h5 17. Bc1 Ng4 18. Nf3 Qd6 19. Qg3 Kg7 20. h3 Nh6 21. Ne5 h4 22. Qf2 f5 23. Qe2 Bf6 24. Nxg6 Kxg6 25. e5 Qc6 26. exf6 Rxf6 27. Rf2 Rg8 28. Kh2 Kh7 1/2-1/2

[Event "WSTCC-50 2024"]
[Site "Krakow"]
[Date "2024.07.06"]
[Round "5.24"]
[White "Skorecki, Janusz"]
[Black "Kayser, Pierrot"]
[Result "1-0"]
[ECO "C57"]
[WhiteElo "1729"]
[BlackElo "1764"]
[Annotator "NA RC"]
[PlyCount "101"]
[EventDate "2024.07.01"]
[EventType "team-tourn"]
[EventCountry "POL"]
[SourceTitle "playchess.com"]
[Source "ChessBase"]
[SourceQuality "1"]
[TimeControl "40/5400+30:1800+30"]

1. e4 e5 2. Nf3 Nc6 3. Bc4 Nf6 4. Ng5 d5 5. exd5 Nxd5 6. Nxf7 Kxf7 7. Qf3+ Qf6 8. Bxd5+ Ke8 9. Bxc6+ Qxc6 10. Qxc6+ bxc6 11. O-O Bd6 12. Re1 Kf7 13. Nc3 Re8 14. d3 Bf5 15. Ne4 Bxe4 16. Rxe4 Re6 17. Bd2 Rae8 18. Rae1 c5 19. Ra4 Ra8 20. g3 h6 21. f4 Kf6 22. Bc3 g5 23. fxe5+ Bxe5 24. Rxe5 Rxe5 25. Re4 Rae8 26. Rxe5 Rxe5 27. Kf2 Ke6 28. Bxe5 Kxe5 29. h3 h5 30. Ke3 c6 31. c3 a5 32. b3 Kd5 33. a3 Ke5 34. b4 cxb4 35. cxb4 a4 36. d4+ Kd5 37. Kd3 g4 38. hxg4 hxg4 39. Kc3 Ke4 40. Kc4 Kf3 41. Kc5 Kxg3 42. Kxc6 Kf2 43. d5 g3 44. d6 g2 45. d7 g1=Q 46. d8=Q Qc1+ 47. Kb5 Qxa3 48. Qd2+ Kg3 49. Qg5+ Kf3 50. Qf5+ Ke3 51. Qh3+ 1-0

[Event "WSTCC-50 2024"]
[Site "Krakow"]
[Date "2024.07.07"]
[Round "6.1"]
[White "Mrva, Martin"]
[Black "Krause, Ullrich"]
[Result "1-0"]
[ECO "C02"]
[WhiteElo "2361"]
[BlackElo "2171"]
[Annotator "TA"]
[PlyCount "65"]
[EventDate "2024.07.01"]
[EventType "team-tourn"]
[EventCountry "POL"]
[SourceTitle "playchess.com"]
[Source "ChessBase"]
[SourceQuality "1"]
[TimeControl "40/5400+30:1800+30"]

1. e4 e6 2. d4 d5 3. e5 c5 4. c3 Nc6 5. Nf3 Nge7 6. Na3 cxd4 7. cxd4 Nf5 8. Nc2 Qb6 9. Bd3 Nb4 10. Nxb4 Bxb4+ 11. Kf1 {[%emt 0:04:43] White is slightly better.} Bf8 12. g4 Ne7 13. h4 Bd7 14. Kg2 Nc6 15. h5 h6 16. a3 Be7 17. b4 O-O-O (17... Qc7 $14) 18. Bd2 $16 Kb8 {[%emt 0:02:17][%cal Of7f6] [#]} (18... Nxd4 $2 19. Be3 Kb8 20. Bxd4 $18 (20. Nxd4 Bg5 $18)) 19. Bc3 (19. Rb1 $1 $16) 19... Rc8 20. Qd2 {[%emt 0:00:19] aiming for b5.} Bg5 $2 {[%emt 0:06:47] This costs Black the game.} 21. Nxg5 $18 hxg5 22. a4 ({Not} 22. Qxg5 Nxd4 23. Bb2 (23. Qxg7 $2 {perishes.} Rhg8 $19) 23... Nb3 $16) 22... Qd8 $2 (22... f5 23. a5 (23. Qxg5 Nxe5 24. a5 Qc7 $15) 23... Qd8) 23. b5 {[%emt 0:00:24] White is clearly winning.} Ne7 24. Bb4 Ng8 25. Bd6+ Ka8 26. Rhc1 Nh6 27. Rxc8+ Bxc8 28. Be2 {[%emt 0:02:39] [#] Hoping for Rc1.} f6 (28... f5 $142 29. Rc1 fxg4) 29. Rc1 {[%emt 0:00:18] Strongly threatening Rc7.} Bd7 30. Bc7 Qc8 31. Qa5 {[%emt 0:00:34] b6 is the strong threat.} b6 32. Bxb6 Qb7 33. Bxa7 {[%emt 0:02:49] Weighted Error Value: White=0.09 (flawless) /Black=0.57.  Loses game:     	---       	Black=1      Mistake:       	White=1     	Black=3      Inaccurate:     	---       	Black=5      OK:         	White=10    	Black=5      Best:        	White=2     	Black=1} 1-0

[Event "WSTCC-50 2024"]
[Site "Krakow"]
[Date "2024.07.07"]
[Round "6.1"]
[White "Plotkin, Victor"]
[Black "Olafsson, Helgi"]
[Result "0-1"]
[ECO "C50"]
[WhiteElo "2264"]
[BlackElo "2466"]
[Annotator "TA"]
[PlyCount "106"]
[EventDate "2024.07.01"]
[EventType "team-tourn"]
[EventCountry "POL"]
[SourceTitle "playchess.com"]
[Source "ChessBase"]
[SourceQuality "1"]
[TimeControl "40/5400+30:1800+30"]

1. e4 e5 2. Nf3 Nc6 3. Bc4 Bc5 4. d3 Nf6 5. Nc3 d6 6. h3 h6 7. Na4 Bb6 8. Nxb6 axb6 9. a3 O-O 10. O-O Be6 11. Qe2 Bxc4 12. dxc4 Nd7 {[%emt 0:06:05] The position is equal.} 13. Be3 Nc5 14. Bxc5 bxc5 15. Qd3 Qd7 16. Nh4 g6 17. Rad1 Kh7 18. Kh2 Qe6 19. g4 {[%emt 0:07:32] Black continues to play with concentration.} (19. Ra1 $15) 19... Ra4 $17 20. b3 Rxa3 21. Ng2 Nd4 {[%emt 0:04:17] Black is more active.} 22. Ne3 (22. f4 $17) 22... c6 $19 23. Kg2 Qf6 24. f3 Qf4 25. Qd2 (25. h4 $142) 25... Ra2 26. Rf2 Rfa8 {[%emt 0:02:30] Hoping for ...Nxb3.} 27. Qe1 h5 28. Rdd2 (28. Qc3 $142) 28... Ra1 29. Nd1 h4 {[%emt 0:00:38] [#] And now ...Qg3+ would win.} 30. Rf1 Kg7 31. Qf2 R8a2 {[%emt 0:11:13][%cal Od4b3] Threatens to win with ...Nxb3!} 32. Ne3 Rxf1 33. Nxf1 {[%emt 0:00:20] White is weak on the dark squares} Ra1 34. Ne3 Rc1 35. Rd3 Qf6 (35... f5 $142 36. Rd1 Rxd1 37. Nxd1 fxe4 38. fxe4 Qxe4+ 39. Kh2 Qxc2 (39... Nxc2 $2 40. Nc3 $19) 40. Qxc2 Nxc2) 36. Rd1 Rxd1 37. Nxd1 {[%emt 0:00:01][%mdl 4096] Endgame. KQN-KQN} Qf4 38. Ne3 Kf8 39. Nf1 Qc1 40. Ne3 Kg7 41. Kh2 {[%emt 0:04:46] [#]} Qd2 $3 42. Kg2 (42. Kg1 Kf8) 42... Qxf2+ 43. Kxf2 {[%emt 0:00:09] KN-KN} Kf6 44. Ng2 Kg5 45. Ne1 Ne6 46. Kg2 Nf4+ 47. Kh2 b6 48. Ng2 Nxg2 49. Kxg2 Kf4 50. Kf2 b5 {[%emt 0:03:13] ( -> ...g5)} 51. cxb5 cxb5 {[%emt 0:00:02] Black mates.} 52. c4 bxc4 53. bxc4 g5 {[%emt 0:00:13] Weighted Error Value: White=0.69/Black=0.26 (precise) .  Mistake:       	White=4     	Black=1      Inaccurate:     	White=4     	---        OK:         	White=8     	Black=21     Best:        	White=2     	Black=2} 0-1

[Event "WSTCC-50 2024"]
[Site "Krakow"]
[Date "2024.07.07"]
[Round "6.1"]
[White "Jhunjhnuwala, Krishan"]
[Black "Bouah, Lyndon"]
[Result "1-0"]
[ECO "B03"]
[WhiteElo "2227"]
[BlackElo "1996"]
[Annotator "TA"]
[PlyCount "67"]
[EventDate "2024.07.01"]
[EventType "team-tourn"]
[EventCountry "POL"]
[SourceTitle "playchess.com"]
[Source "ChessBase"]
[SourceQuality "1"]
[TimeControl "40/5400+30:1800+30"]

1. e4 Nf6 2. e5 Nd5 3. d4 d6 4. Bc4 e6 5. Nf3 dxe5 6. Nxe5 Bd6 7. O-O (7. Qg4 {looks sharper.} Nb4 8. O-O O-O 9. Bb3) 7... O-O 8. Nd2 {[%emt 0:04:08] White is slightly better.} Nd7 9. Re1 N7b6 10. Bf1 c5 11. Ne4 cxd4 12. Nxd6 Qxd6 13. Qxd4 {[%emt 0:00:30] Hoping for c4.} Qc7 (13... f6 $142) 14. Qh4 ({White should play} 14. c4 $16 Ne7 15. Bf4) 14... Qe7 15. Qg3 {[%emt 0:02:32] White is much more active. The black rooks are passive.} (15. Qxe7 {simplifies} Nxe7 16. b3 Rd8 17. Ba3) 15... f6 16. Nd3 Qc7 17. Qxc7 Nxc7 {[%emt 0:00:02] Black is weak on the dark squares} 18. b3 Re8 19. c4 Bd7 20. Be3 e5 21. Rad1 Rad8 {[%emt 0:00:34] [#]} 22. Nc5 $1 Bc8 (22... Bc6 $16 23. b4 Na6) 23. a4 Nba8 24. Ne4 $36 {[%emt 0:01:50][%mdl 2048] Keeping Black busy.} Rxd1 25. Rxd1 b6 26. a5 f5 (26... Bf5 $142) 27. axb6 axb6 28. Nd6 Rd8 29. f3 f4 30. Bf2 Ne6 (30... Be6 $142 31. Be2 Bf7 32. Nxf7 Rxd1+ 33. Bxd1 Kxf7) 31. b4 Nd4 32. c5 bxc5 33. bxc5 {[%emt 0:00:30][%cal Of2h4] [#] aiming for Bh4!} Ne6 $2 (33... Be6 {was worth a try.} 34. Bxd4 exd4 35. Rxd4 Rf8) 34. Re1 {[%emt 0:02:12] Weighted Error Value: White=0.14 (very precise) /Black=0.29 (precise) .  Mistake:       	White=1     	Black=5      Inaccurate:     	White=1     	Black=3      OK:         	White=12    	Black=8      Best:        	---       	Black=1} 1-0

[Event "WSTCC-50 2024"]
[Site "Krakow"]
[Date "2024.07.07"]
[Round "6.2"]
[White "Hjartarson, Johann"]
[Black "Cummings, David H."]
[Result "1-0"]
[ECO "B12"]
[WhiteElo "2472"]
[BlackElo "2314"]
[Annotator "TA"]
[PlyCount "91"]
[EventDate "2024.07.01"]
[EventType "team-tourn"]
[EventCountry "POL"]
[SourceTitle "playchess.com"]
[Source "ChessBase"]
[SourceQuality "1"]
[TimeControl "40/5400+30:1800+30"]

1. e4 c6 2. d4 d5 3. e5 Bf5 4. Nf3 e6 5. Be2 Nd7 6. O-O a5 {[%emt 0:00:26] The modern move. B12: Caro-Kann: Advance Variation.} 7. a4 f6 8. Nbd2 fxe5 (8... Nh6 $1 $11 {feels stronger.}) 9. dxe5 $14 Bc5 10. Nb3 Ba7 11. Nbd4 $146 ({White should play} 11. Nfd4 $16) ({Predecessor:} 11. Bd2 Ne7 12. Bxa5 Qb8 13. Bc3 O-O 14. Nbd4 Bxd4 15. Nxd4 c5 16. Nxf5 Nxf5 17. g4 {1-0 Pranav,V (2611)-Zia,T (2262) Bangabandhu-chT 2024 (11.1)}) 11... Ne7 $11 12. h3 Nc5 13. Be3 O-O 14. c3 Qd7 15. Nh4 Ng6 (15... Qc7 $11) 16. Nxg6 Bxg6 17. Bg4 Bf5 18. Re1 Bxg4 19. Qxg4 Rfe8 20. Re2 Qf7 21. Rf1 (21. Nf3 $5) 21... Qg6 22. Qxg6 hxg6 23. b3 Kf7 24. Rd1 Ne4 25. Rc2 Bb8 (25... g5 $11) 26. Nf3 $14 Ba7 27. Bxa7 Rxa7 28. Nd4 Ra6 29. Kh2 Ke7 30. c4 dxc4 31. Rxc4 (31. bxc4 Rd8 32. f3 Nc5 $17) 31... Rd8 (31... Nxf2 32. Rd2 Ne4 33. Nxc6+ Rxc6 34. Rxe4 $18) 32. f3 Ng5 33. Re1 Rb6 34. Re3 Rb4 35. Ne2 Nh7 36. Rxb4 axb4 37. Nf4 g5 38. Nd3 Rd4 {[%emt 0:00:18] [#]} (38... Nf8 $1 $11) 39. a5 $1 $16 Rd5 40. a6 $1 ({Much weaker is} 40. Nxb4 $6 Rxa5 41. Kg3 Rb5 $11) 40... Kd7 $2 (40... bxa6 $16 {is a better chance.} 41. Nxb4 Rc5) 41. axb7 $18 ({Less strong is} 41. Nxb4 Rb5 42. Kg3 c5 $18 (42... Rxb4 $2 {is the wrong capture.} 43. a7 $18)) 41... Kc7 42. Nxb4 Rb5 43. b8=Q+ Kxb8 44. Nxc6+ Kc7 45. Nd4 Rb6 46. b4 1-0

[Event "WSTCC-50 2024"]
[Site "Krakow"]
[Date "2024.07.07"]
[Round "6.2"]
[White "Lampe, Dirk"]
[Black "Motuz, Karol"]
[Result "0-1"]
[ECO "C84"]
[WhiteElo "2158"]
[BlackElo "2293"]
[Annotator "TA"]
[PlyCount "44"]
[EventDate "2024.07.01"]
[EventType "team-tourn"]
[EventCountry "POL"]
[SourceTitle "playchess.com"]
[Source "ChessBase"]
[SourceQuality "1"]
[TimeControl "40/5400+30:1800+30"]

1. e4 e5 2. Nf3 Nc6 3. Bb5 a6 4. Ba4 Nf6 5. O-O Be7 6. d3 d6 7. c3 O-O 8. Re1 Re8 9. Bxc6 bxc6 10. Nbd2 Bf8 11. Nc4 {[%emt 0:04:33] The position is equal.} h6 12. Qc2 g6 (12... Bg4 $142) 13. d4 exd4 14. cxd4 {[%emt 0:10:59] [#]} Rxe4 $1 15. Rxe4 Bf5 16. Nfd2 {[%emt 0:07:46][%cal Oc4e3] Ne3! would now be deadly.} d5 17. Ne3 {[%emt 0:00:58][%cal Oe3f5] Threatens to win with Nxf5!} dxe4 18. Nxf5 (18. Qxc6 {simplifies} Bd7 19. Qc2 Bg7 20. Nxe4 Nxe4 21. Qxe4 Qe8 22. Qf4) 18... gxf5 19. Qxc6 Qxd4 {[%emt 0:05:41][%cal Of6g4] ( -> ...Ng4!)} 20. Qxa8 $4 {[%emt 0:03:31][%mdl 8192] [#]} (20. Nf1 $11 Re8 21. Qxc7) 20... Ng4 21. Qxa6 Qxf2+ 22. Kh1 Ne3 {[%emt 0:00:28] Prevents Nf1.   Weighted Error Value: White=0.50/Black=0.13 (very precise) .  Loses game:     	White=1     	---        Mistake:       	---       	Black=1      Inaccurate:     	White=3     	---        OK:         	White=3     	Black=2      Best:        	---       	Black=1} 0-1

[Event "WSTCC-50 2024"]
[Site "Krakow"]
[Date "2024.07.07"]
[Round "6.2"]
[White "Bhawoodien, Shabir Hussain"]
[Black "Jhunjhnuwala, Naresh"]
[Result "1-0"]
[ECO "B34"]
[WhiteElo "1990"]
[BlackElo "2009"]
[Annotator "NA RC"]
[PlyCount "51"]
[EventDate "2024.07.01"]
[EventType "team-tourn"]
[EventCountry "POL"]
[SourceTitle "playchess.com"]
[Source "ChessBase"]
[SourceQuality "1"]
[TimeControl "40/5400+30:1800+30"]

1. e4 c5 2. Nf3 Nc6 3. d4 cxd4 4. Nxd4 g6 5. Nc3 Bg7 6. Be3 d6 7. Qd2 Nf6 8. f3 Bd7 9. O-O-O a6 10. Kb1 Qc7 11. g4 h6 12. h4 Nxd4 13. Bxd4 Bc6 14. Bh3 Kf8 15. g5 Ne8 16. Bxg7+ Kxg7 17. h5 Qa5 18. hxg6 fxg6 19. gxh6+ Kh7 20. Rdg1 Rf8 21. Rg5 Qb4 22. Rhg1 Rxf3 23. Rxg6 Bxe4 24. Qg5 Nf6 25. Rg7+ Kh8 26. Rh7+ 1-0

[Event "WSTCC-50 2024"]
[Site "Krakow"]
[Date "2024.07.07"]
[Round "6.3"]
[White "Briestensky, Rastislav"]
[Black "Staeblein, Christoph"]
[Result "1/2-1/2"]
[ECO "C16"]
[WhiteElo "2274"]
[BlackElo "1991"]
[Annotator "TA"]
[PlyCount "53"]
[EventDate "2024.07.01"]
[EventType "team-tourn"]
[EventCountry "POL"]
[SourceTitle "playchess.com"]
[Source "ChessBase"]
[SourceQuality "1"]
[TimeControl "40/5400+30:1800+30"]

1. e4 e6 2. d4 d5 3. Nc3 Bb4 4. e5 Ne7 5. Nge2 b6 6. a3 Bxc3+ 7. bxc3 Ba6 8. h4 c5 9. Rh3 Nbc6 10. g4 (10. Ng3 $11 Qc8 11. Nh5) 10... h5 $17 11. gxh5 Qc8 12. h6 gxh6 13. Nf4 {[%emt 0:04:19] [#]} (13. Be3 $17) 13... Bxf1 (13... Nf5 $1 $19 14. Bb2 Rg8) 14. Kxf1 Qa6+ 15. Kg2 (15. Qe2 $17 {might work better.} Qxe2+ 16. Nxe2) 15... Qc4 $19 16. Qh5 $2 (16. Nh5) 16... Rg8+ 17. Rg3 Rxg3+ (17... cxd4 18. Rxg8+ (18. Nxe6 Rxg3+ 19. fxg3 Qxc3 $15) 18... Nxg8 19. Nxe6 $14) 18. fxg3 Qxc3 19. Ra2 Nxd4 {[%emt 0:02:51] [#] And now ...Nef5 would win.} 20. Qxh6 Qf3+ (20... Nxc2 $2 21. Qh8+ Kd7 22. Qxa8 $18) 21. Kh2 Qf2+ 22. Ng2 Nf3+ (22... Nxc2 $2 23. Qh8+ Kd7 24. Qxa8 $18) 23. Kh3 Ng1+ {[%emt 0:14:07] Excellent horsemanship.} ({And not} 23... Nxe5 24. Qh8+ Kd7 25. Qxe5 $16 (25. Qxa8 Qf5+ 26. g4 Qxg4+ 27. Kh2 Nf3+ 28. Kh1 Qh3#)) 24. Kh2 Nf3+ 25. Kh3 Ng1+ ({Not} 25... Nxe5 26. Qh8+ Kd7 27. Qxe5 $16 (27. Qxa8 {gets mated.} Qf5+ 28. g4 Qxg4+ 29. Kh2 Nf3+ 30. Kh1 Qh3#)) 26. Kh2 Nf3+ 27. Kh3 {[%emt 0:00:10][%mdl 32768] Weighted Error Value: White=1.00/Black=1.02.  Mistake:       	White=4     	Black=1      Inaccurate:     	White=2     	Black=1      OK:         	White=3     	Black=9      Best:        	White=2     	Black=2     . An unexpected result.} 1/2-1/2